 Dungeon Crawl Stone Soup version 0.24.0-123-gd5b16e6ec5 (webtiles) character file.

Game seed: 12055648558981215375, levelgen mode: deterministic

104141 Hybris the Thaumaturge (level 16, -22/124 HPs)
             Began as a Gnoll Wizard on Dec 21, 2019.
             Was the Champion of Vehumet.
             Killed from afar by a fire dragon (43 damage)
             ... with a blast of flame
             ... on level 15 of the Dungeon on Dec 22, 2019.
             The game lasted 02:32:32 (26969 turns).

Hybris the Thaumaturge (Gnoll Wizard)              Turns: 26969, Time: 02:32:33

Health: -22/124    AC: 18    Str: 11    XL:     16   Next: 37%
Magic:  6/32       EV: 19    Int: 25    God:    Vehumet [******]
Gold:   2044       SH:  0    Dex: 15    Spells: 17/40 levels left

rFire    . . .     SeeInvis +   y - +4 long sword (flame)
rCold    + . .     Gourm    .   (no shield)
rNeg     . . .     Faith    .   r - +0 acid dragon scales
rPois    .         Spirit   .   T - +2 hat
rElec    .         Reflect  .   v - +0 cloak
rCorr    +         Harm     .   i - +1 pair of gloves
MR       +....                  I - +2 pair of boots
Stlth    ++++......             l - amulet of regeneration
HPRegen  0.70/turn              E - ring of protection from cold
MPRegen  0.23/turn              O - ring of see invisible

@: no status effects
A: distributed training, fangs 1, strong nose
a: Renounce Religion


You were on level 15 of the Dungeon.
You worshipped Vehumet.
Vehumet was exalted by your worship.
You were hungry.

You visited 4 branches of the dungeon, and saw 24 of its levels.
You visited 1 bazaar.

You collected 2388 gold pieces.
You spent 344 gold pieces at shops.

Inventory:

Hand Weapons
 y - a +4 long sword of flaming (weapon)
Missiles
 s - 121 poisoned darts (quivered)
 t - 21 javelins
Armour
 i - a +1 pair of gloves (worn)
 r - +0 acid dragon scales (worn)
 v - a +0 cloak (worn)
 I - a +2 pair of boots (worn)
 T - a +2 hat (worn)
Jewellery
 j - an uncursed ring of wizardry
 l - an amulet of regeneration (around neck)
 z - an uncursed ring of protection from cold
 D - an uncursed ring of protection from fire {unknown}
 E - a ring of protection from cold (left hand)
 O - a ring of see invisible (right hand)
Wands
 p - a wand of digging (5)
 B - a wand of acid (3)
 S - a wand of enslavement (14)
 U - a wand of flame (43)
 X - a wand of paralysis (8)
Scrolls
 c - 5 scrolls of fog
 h - 4 scrolls of remove curse
 m - 6 scrolls of amnesia
 n - 2 scrolls of fear
 A - 2 scrolls of blinking
 F - 8 scrolls of teleportation
 G - 2 scrolls of identify
 J - 2 scrolls of torment
 P - 3 scrolls of magic mapping
 Q - a scroll of acquirement {unknown}
 Z - a scroll of summoning {unknown}
Potions
 a - 2 potions of ambrosia {unknown}
 b - 11 potions of heal wounds
 e - 4 potions of agility
 f - 3 potions of brilliance
 g - 8 potions of degeneration {unknown}
 k - a potion of magic {unknown}
 u - a potion of lignification {unknown}
 w - 2 potions of flight {unknown}
 x - 10 potions of curing
 C - 3 potions of invisibility {unknown}
 H - 2 potions of resistance
 K - 4 potions of might
 M - 3 potions of haste {unknown}
 Y - a potion of cancellation {unknown}
Miscellaneous
 q - a lamp of fire
 L - a phial of floods
 W - a phantom mirror
Comestibles
 d - 40 rations


   Skills:
 + Level 10.6 Fighting
 + Level 10.6 Short Blades
 + Level 10.6 Long Blades
 + Level 10.6 Axes
 + Level 10.6 Maces & Flails
 + Level 10.6 Polearms
 + Level 10.6 Staves
 + Level 10.6 Slings
 + Level 10.6 Bows
 + Level 10.6 Crossbows
 + Level 10.6 Throwing
 + Level 10.6 Armour
 + Level 11.4 Dodging
 + Level 11.3 Stealth
 + Level 10.6 Shields
 + Level 10.6 Unarmed Combat
 + Level 12.5 Spellcasting
 + Level 9.2 Conjurations
 + Level 9.0 Hexes
 + Level 9.0 Charms
 + Level 9.2 Summonings
 + Level 9.0 Necromancy
 + Level 9.2 Translocations
 + Level 9.0 Transmutations
 + Level 9.0 Fire Magic
 + Level 9.0 Ice Magic
 + Level 9.0 Air Magic
 + Level 9.0 Earth Magic
 + Level 9.0 Poison Magic
 + Level 11.4 Invocations
 + Level 10.6 Evocations


You had 17 spell levels left.
You knew the following spells:

 Your Spells              Type           Power        Failure   Level  Hunger
a - Stone Arrow           Conj/Erth      ######       1%          3    None
b - Blink                 Tloc           N/A          1%          2    None
c - Call Imp              Summ           ######..     1%          2    None
d - Conjure Flame         Conj/Fire      ######..     1%          3    None
e - Mephitic Cloud        Conj/Pois/Air  ######..     1%          3    None
f - Fireball              Conj/Fire      ######....   1%          5    ###....
g - Lee's Rapid Deconstr  Erth           ######....   1%          5    ###....

Your spell library contained the following spells:

 Spells                   Type           Power        Failure   Level  Hunger
 Poison Arrow             Conj/Pois      ######....   5%          6    #####..
 Magic Dart               Conj           ####         1%          1    None
 Sandblast                Erth           ######       1%          1    None
 Shock                    Conj/Air       ####         1%          1    None
 Passwall                 Tmut/Erth      ######..     1%          2    None
 Shroud of Golubria       Chrm/Tloc      ######       1%          2    None
 Slow                     Hex            ######..     1%          2    None
 Swiftness                Chrm/Air       ######..     1%          2    None
 Gell's Gravitas          Tloc           ######....   1%          3    None
 Lesser Beckoning         Tloc           ######....   1%          3    None
 Static Discharge         Conj/Air       ######..     1%          3    None
 Teleport Other           Tloc           ######..     1%          3    None
 Airstrike                Air            ######....   1%          4    None
 Passage of Golubria      Tloc           N/A          1%          4    None
 Petrify                  Tmut/Erth      ######..     1%          4    None
 Bolt of Magma            Conj/Fire/Erth ######....   1%          5    ###....
 Iskenderun's Battlesphe  Conj/Chrm      ######..     1%          5    ###....
 Lightning Bolt           Conj/Air       ######....   1%          5    ###....
 Venom Bolt               Conj/Pois      ######....   1%          5    ###....
 Iron Shot                Conj/Erth      ######....   5%          6    #####..
 Orb of Destruction       Conj           ######....   26%         7    ######.
 Spellforged Servitor     Conj/Summ      ######....   26%         7    ######.


Dungeon Overview and Level Annotations

Branches:
Dungeon (15/15)            Temple (1/1) D:4            Lair (6/6) D:10
  Swamp (0/4) Lair:2       Spider (0/4) Lair:2        Slime (0/5) Lair:6
    Orc (2/2) D:12            Elf (0/3) Orc:2        Vaults (0/5) D:13
 Depths: D:15

Altars:
Cheibriados
Elyvilon
Gozag
Hepliaklqana
Kikubaaqudgha
Makhleb
Nemelex Xobeh
Okawaru
Trog
Vehumet
Xom
Zin
The Shining One
Beogh

Shops:
Orc:2 ::!(

Annotations:
D:13 1 runed translucent door, Saltbearer's ghost, journeyman KoGl
Lair:3 1 runed translucent door, Fuavont's ghost, journeyman GrEE
Lair:6 3 runed translucent doors, kuniqs's ghost, journeyman DEWz


Innate Abilities, Weirdness & Mutations

Your experience applies equally to all skills.
You have very sharp teeth.
Your uncanny sense of smell can sniff out nearby items.


Message History

* * * LOW HITPOINT WARNING * * *
Casting: Stone Arrow (safe; 1% risk of failure)
Confirm with . or Enter, or press ? or * to list all spells.
Aiming: Stone Arrow (safe; 1% risk of failure)
Press: ? - help, Shift-Dir - straight line, f/p - fire dragon
Aim: a fire dragon (heavily wounded, catching its breath)
The stone arrow misses the fire dragon.
The fire dragon bites you.
* * * LOW HITPOINT WARNING * * *
The fire dragon closely misses you. The fire dragon tramples you.
* * * LOW HITPOINT WARNING * * *
You stumble backwards!
Casting: Stone Arrow (safe; 1% risk of failure)
Confirm with . or Enter, or press ? or * to list all spells.
You blink.
There is a stone staircase leading up, spattered with blood here.
Things that are here:
a large rock; 3 arrows The fire dragon breathes flames at you.
The blast of flame hits you!!!
You die...

...#.......### #..........
...#.#####...# #.......... .....#
###.## #.......... ....##
#.D####### #.......... .D..##
#####.......####.........
.....####.# ##.......####........
...#....#.###.(.......#####..#.#.
...####......[...(..........##.#.
...# ###.###(..@(.....#.........
#### ##................###.###.
####..............###[...###.
#..............(.).......##..
#...........)...(...####.#...
####..............### #...#.
#....#.........########...
.#######..............#..........
$#..)..........................#.


You could see a fire dragon.

Vanquished Creatures
  Saint Roka (Orc:2)
  Gastronok (Lair:2)
  An orc warlord (D:12)
  3 dire elephants (Lair:6)
  2 fire dragons
  4 vault guards (D:13)
  10 hydras
  Harold (D:8)
  Erolcha (D:11)
  A centaur warrior (D:14)
  An anaconda (Lair:6)
  2 tengu warriors
  An ogre mage (D:15)
  11 two-headed ogres
  Urug (Lair:3)
  6 orc high priests
  The ghost of kuniqs the Thaumaturge, a novice DEWz of Vehumet (D:11)
  A flayed ghost (D:14)
  An unseen horror (D:14)
  A phantasmal warrior (D:14)
  4 orc knights
  An orb spider (Lair:2)
  The ghost of dasteron the Blocker, a novice VSBe of Trog (D:8)
  4 oklob plants (Lair:4)
  8 ugly things
  2 manticores
  8 orc sorcerers
  3 cyclopes
  A spectral centaur (D:11)
  5 elephants
  4 black mambas
  A molten gargoyle (D:13)
  A torpor snail (Lair:4)
  A gargoyle (D:15)
  13 spiny frogs
  3 rime drakes
  A freezing wraith (D:14)
  4 centaur skeletons
  3 kobold demonologists
  A rime drake (shapeshifter) (D:14)
  5 komodo dragons
  2 tengu conjurers
  7 trolls
  6 meliai
  3 polar bears
  7 slime creatures
  19 blink frogs
  10 hippogriffs
  A hornet (D:11)
  A shadow (D:8)
  53 yaks
  A wraith (D:14)
  4 wyverns
  3 basilisks
  A vampire (D:14)
  2 hungry ghosts
  7 vampire mosquitoes
  A warg (Orc:1)
  2 acid dragons (D:14)
  3 soldier ants
  8 water moccasins
  7 porcupines
  3 black bears (D:10)
  48 orc warriors
  4 sky beasts
  2 ice beasts
  An eye of draining (D:13)
  A necrophage (D:12)
  9 wolves
  24 ogres
  4 phantoms
  6 boggarts (D:14)
  13 crocodiles
  25 centaurs
  2 big kobolds
  23 bullfrogs
  A wyvern skeleton (D:12)
  A scorpion (D:4)
  4 killer bees (D:9)
  3 howler monkeys
  8 wights
  A spectral bullfrog (D:11)
  5 crimson imps
  3 bullfrog zombies
  7 centaur zombies
  3 hounds
  21 orc wizards
  33 orc priests
  3 bullfrog skeletons
  7 iguanas
  7 jellies
  A quasit (D:8)
  Jessica (D:3)
  Terence (D:3)
  9 worker ants
  2 hound skeletons
  A worker ant zombie (D:5)
  13 adders
  4 gnolls (D:10)
  3 shadow imps
  An adder zombie (D:9)
  An adder skeleton (D:4)
  2 worms
  4 dart slugs
  2 leopard geckos
  142 orcs
  3 giant cockroaches (D:2)
  5 hobgoblins
  5 jackals
  3 quokkas
  2 ball pythons
  8 bats
  6 frilled lizards
  11 goblins
  A jackal skeleton (D:5)
  19 kobolds
  2 leopard gecko skeletons (D:4)
  A quokka skeleton (D:9)
  A quokka zombie (D:8)
  3 rats
  4 fungi
  4 plants
810 creatures vanquished.

Vanquished Creatures (collateral kills)
  A yaktaur captain (D:14)
  A cyclops (D:14)
  A basilisk (Lair:6)
  An orc warrior (Orc:2)
  An orc (Orc:2)
  A butterfly (Lair:4)
6 creatures vanquished.

Vanquished Creatures (others)
  A centaur warrior (D:15)
  An unseen horror (D:10)
  A bullfrog (D:11)
  A bush (Lair:5)
  40 fungi
  19 plants
63 creatures vanquished.

Grand Total: 879 creatures vanquished

Notes
Turn   | Place    | Note
-------+----------+-------------------------------------------
     0 | D:1      | Hybris the Gnoll Wizard began the quest for the Orb.
     0 | D:1      | Reached XP level 1. HP: 13/13 MP: 8/8
   213 | D:1      | You fall into a shaft and drop 1 floor!
   241 | D:2      | Reached XP level 2. HP: 19/19 MP: 3/10
   692 | D:1      | Reached XP level 3. HP: 25/25 MP: 9/11
  1528 | D:2      | Learned a level 2 spell: Blink
  1531 | D:2      | Learned a level 2 spell: Call Imp
  1535 | D:2      | Learned a level 3 spell: Conjure Flame
  1539 | D:2      | Learned a level 3 spell: Mephitic Cloud
  1554 | D:2      | Reached skill level 1 in Invocations
  1924 | D:3      | Reached skill level 1 in Fighting
  1924 | D:3      | Reached skill level 1 in Short Blades
  1924 | D:3      | Reached skill level 1 in Long Blades
  1924 | D:3      | Reached skill level 1 in Axes
  1924 | D:3      | Reached skill level 1 in Maces & Flails
  1924 | D:3      | Reached skill level 1 in Polearms
  1924 | D:3      | Reached skill level 1 in Staves
  1924 | D:3      | Reached skill level 1 in Slings
  1924 | D:3      | Reached skill level 1 in Bows
  1924 | D:3      | Reached skill level 1 in Crossbows
  1924 | D:3      | Reached skill level 1 in Throwing
  1924 | D:3      | Reached skill level 1 in Armour
  1924 | D:3      | Reached skill level 1 in Shields
  1924 | D:3      | Reached skill level 1 in Unarmed Combat
  1924 | D:3      | Reached skill level 1 in Evocations
  1925 | D:3      | Noticed Terence
  1938 | D:2      | Reached XP level 4. HP: 32/32 MP: 5/13
  2187 | D:3      | Noticed Jessica
  2195 | D:3      | Reached skill level 1 in Hexes
  2195 | D:3      | Reached skill level 1 in Charms
  2195 | D:3      | Reached skill level 1 in Necromancy
  2195 | D:3      | Reached skill level 1 in Transmutations
  2195 | D:3      | Reached skill level 1 in Fire Magic
  2195 | D:3      | Reached skill level 1 in Ice Magic
  2195 | D:3      | Reached skill level 1 in Air Magic
  2195 | D:3      | Reached skill level 1 in Earth Magic
  2195 | D:3      | Reached skill level 1 in Poison Magic
  2201 | D:3      | Killed Jessica
  2201 | D:3      | Reached XP level 5. HP: 28/37 MP: 1/14
  2375 | D:3      | Killed Terence
  3012 | D:4      | Reached XP level 6. HP: 44/44 MP: 5/16
  3202 | D:4      | Reached skill level 5 in Dodging
  3242 | D:4      | Found an iron altar of Okawaru.
  3604 | D:4      | Reached XP level 7. HP: 50/50 MP: 9/18
  3969 | D:4      | Reached skill level 5 in Stealth
  4161 | D:4      | Found a staircase to the Ecumenical Temple.
  4170 | Temple   | Entered the Ecumenical Temple
  4191 | Temple   | Became a worshipper of Vehumet
  4283 | D:5      | Entered Level 5 of the Dungeon
  4568 | D:5      | Reached XP level 8. HP: 57/57 MP: 12/19
  4937 | D:5      | Found an ancient bone altar of Kikubaaqudgha.
  5724 | D:6      | Reached * piety under Vehumet
  5724 | D:6      | Offered knowledge of Shock by Vehumet.
  6066 | D:7      | Reached skill level 8 in Spellcasting
  6383 | D:7      | Reached XP level 9. HP: 62/65 MP: 12/21
  7177 | D:8      | Noticed Harold
  7203 | D:8      | Killed Harold
  7203 | D:8      | Reached skill level 5 in Invocations
  7207 | D:8      | Reached XP level 10. HP: 60/73 MP: 17/22
  7242 | D:8      | Found a sparkling altar of Nemelex Xobeh.
  7264 | D:8      | Found a runed translucent gate.
  7265 | D:8      | Found a runed translucent gate.
  7265 | D:8      | Found a runed translucent gate.
  7266 | D:8      | Found an opulent altar of Gozag.
  7266 | D:8      | Noticed dasteron's ghost (novice VSBe)
  7856 | D:9      | Got a twisted leather armour
  7867 | D:9      | Identified the +2 leather armour "Toitum" {rPois Str+4
                  | Int-3} (You found it on level 9 of the Dungeon)
  8026 | D:9      | Reached skill level 5 in Fighting
  8026 | D:9      | Reached skill level 5 in Short Blades
  8026 | D:9      | Reached skill level 5 in Long Blades
  8026 | D:9      | Reached skill level 5 in Axes
  8026 | D:9      | Reached skill level 5 in Maces & Flails
  8026 | D:9      | Reached skill level 5 in Polearms
  8026 | D:9      | Reached skill level 5 in Staves
  8026 | D:9      | Reached skill level 5 in Slings
  8026 | D:9      | Reached skill level 5 in Bows
  8026 | D:9      | Reached skill level 5 in Crossbows
  8026 | D:9      | Reached skill level 5 in Throwing
  8026 | D:9      | Reached skill level 5 in Armour
  8026 | D:9      | Reached skill level 5 in Shields
  8026 | D:9      | Reached skill level 5 in Unarmed Combat
  8026 | D:9      | Reached skill level 5 in Evocations
  8027 | D:9      | Noticed a green ugly thing
  8040 | D:9      | Killed a green ugly thing
  8466 | D:10     | Entered Level 10 of the Dungeon
  8495 | D:10     | Reached ** piety under Vehumet
  8555 | D:10     | Offered knowledge of Searing Ray by Vehumet.
  8555 | D:10     | Reached skill level 9 in Spellcasting
  8617 | D:10     | Reached skill level 5 in Conjurations
  8617 | D:10     | Reached skill level 5 in Summonings
  8617 | D:10     | Reached skill level 5 in Translocations
  8937 | D:10     | Found a staircase to the Lair.
  9076 | D:10     | Banished an unseen horror
  9076 | D:10     | Reached XP level 11. HP: 71/81 MP: 15/24
  9486 | D:11     | Offered knowledge of Throw Flame by Vehumet.
  9496 | D:11     | Noticed a manticore
  9661 | D:11     | Noticed a sixfirhy
  9671 | D:11     | Killed a manticore
  9930 | D:11     | Reached *** piety under Vehumet
  9958 | D:11     | Noticed Erolcha
  9979 | D:11     | Reached skill level 5 in Hexes
  9979 | D:11     | Reached skill level 5 in Charms
  9979 | D:11     | Reached skill level 5 in Necromancy
  9979 | D:11     | Reached skill level 5 in Transmutations
  9979 | D:11     | Reached skill level 5 in Fire Magic
  9979 | D:11     | Reached skill level 5 in Ice Magic
  9979 | D:11     | Reached skill level 5 in Air Magic
  9979 | D:11     | Reached skill level 5 in Earth Magic
  9979 | D:11     | Reached skill level 5 in Poison Magic
 10163 | D:11     | Killed Erolcha
 10299 | D:11     | Found a runed translucent gate.
 10299 | D:11     | Found a runed translucent gate.
 10299 | D:11     | Found a runed translucent gate.
 10304 | D:11     | Noticed kuniqs's ghost (novice DEWz)
 10371 | D:11     | Noticed an orc knight
 10386 | D:11     | Offered knowledge of Inner Flame by Vehumet.
 10409 | D:11     | Killed an orc knight
 10612 | Lair:1   | Entered Level 1 of the Lair of Beasts
 11430 | Lair:1   | Noticed a six-headed hydra
 11502 | Lair:2   | Reached **** piety under Vehumet
 11576 | Lair:2   | Noticed a five-headed hydra
 11589 | Lair:2   | Killed a five-headed hydra
 11589 | Lair:2   | Reached XP level 12. HP: 45/89 MP: 6/25
 11670 | Lair:2   | Found a staircase to the Swamp.
 11785 | Lair:2   | Found a hole to the Spider Nest.
 12113 | Lair:2   | Reached skill level 10 in Spellcasting
 12455 | Lair:3   | Noticed a four-headed hydra
 12615 | Lair:3   | Killed a four-headed hydra
 12882 | Lair:3   | Noticed Gastronok
 12892 | Lair:3   | Noticed Urug
 13000 | Lair:3   | Killed Urug
 13016 | Lair:2   | Killed Gastronok
 13247 | Lair:3   | Found a runed translucent door.
 13248 | Lair:3   | Found a shimmering altar of Xom.
 13248 | Lair:3   | Noticed Fuavont's ghost (journeyman GrEE)
 13798 | Lair:4   | Noticed an eight-headed hydra
 13846 | Lair:3   | Killed an eight-headed hydra
 13846 | Lair:3   | Offered knowledge of Throw Icicle by Vehumet.
 13988 | Lair:4   | Reached XP level 13. HP: 92/98 MP: 27/27
 15670 | Lair:5   | Got a shimmering broad axe
 15671 | Lair:5   | Identified the cursed +1 broad axe "Johuingi" {flame, -Tele
                  | rPois rF+ rC+} (You found it on level 5 of the Lair of
                  | Beasts)
 15915 | Lair:6   | Entered Level 6 of the Lair of Beasts
 16020 | Lair:6   | Reached ***** piety under Vehumet
 16020 | Lair:6   | Offered knowledge of Fireball by Vehumet.
 16043 | Lair:6   | Learned a level 5 spell: Fireball
 16216 | Lair:5   | Reached skill level 11 in Spellcasting
 16343 | Lair:6   | Learned a level 3 spell: Stone Arrow
 16349 | Lair:6   | Learned a level 5 spell: Lee's Rapid Deconstruction
 16380 | Lair:6   | Found a staircase to the Slime Pits.
 16444 | Lair:6   | Noticed kuniqs's ghost (journeyman DEWz)
 16920 | Lair:6   | Reached XP level 14. HP: 106/106 MP: 13/29
 16983 | Lair:6   | Found a runed translucent gate.
 16983 | Lair:6   | Found a runed translucent gate.
 16983 | Lair:6   | Found a runed translucent gate.
 17375 | Lair:6   | Noticed a dire elephant
 17413 | Lair:6   | Killed a dire elephant
 17498 | Lair:6   | Noticed a dire elephant
 17555 | Lair:6   | Noticed a dire elephant
 17555 | Lair:6   | Noticed a dire elephant
 17577 | Lair:6   | Killed a dire elephant
 17657 | Lair:6   | Killed a dire elephant
 17657 | Lair:6   | Reached skill level 10 in Dodging
 18085 | D:8      | Killed dasteron's ghost
 18213 | D:11     | Killed kuniqs's ghost
 18606 | Lair:4   | Reached skill level 10 in Stealth
 19035 | D:12     | Found a flickering gateway to a bazaar.
 19049 | Bazaar   | Entered a bazaar
 19076 | Bazaar   | Found Rumob's Assorted Antiques.
 19076 | Bazaar   | Found Lodghonyt's Gadget Shoppe.
 19097 | Bazaar   | Found Ciyleam's Antique Armour Emporium.
 19097 | Bazaar   | Found Fenorrunt's Distillery.
 19107 | Bazaar   | Bought a potion of curing for 30 gold pieces
 19165 | Bazaar   | Bought 2 potions of heal wounds for 100 gold pieces
 19165 | Bazaar   | Bought a potion of resistance for 100 gold pieces
 19165 | Bazaar   | Bought a potion of curing for 30 gold pieces
 19165 | Bazaar   | Bought a potion of brilliance for 40 gold pieces
 19191 | Bazaar   | Bought a dark potion for 22 gold pieces
 19191 | Bazaar   | Bought a grey potion for 22 gold pieces
 19344 | D:12     | Offered knowledge of Yara's Violent Unravelling by Vehumet.
 19390 | D:12     | Found a staircase to the Orcish Mines.
 19814 | D:12     | Reached skill level 10 in Invocations
 20573 | D:13     | Found a gate to the Vaults.
 21245 | D:13     | Found a runed translucent door.
 21246 | D:13     | Found a shimmering altar of Xom.
 21246 | D:13     | Noticed Saltbearer's ghost (journeyman KoGl)
 21745 | D:14     | Reached XP level 15. HP: 110/114 MP: 25/30
 21803 | D:14     | Found a glowing golden altar of the Shining One.
 22178 | D:14     | Offered knowledge of Lightning Bolt by Vehumet.
 22888 | Orc:1    | Entered Level 1 of the Orcish Mines
 22965 | Orc:1    | Reached ****** piety under Vehumet
 22966 | Orc:1    | Noticed an orc warlord
 23042 | D:12     | Killed an orc warlord
 23042 | D:12     | Reached skill level 12 in Spellcasting
 23249 | Orc:1    | Reached skill level 10 in Fighting
 23249 | Orc:1    | Reached skill level 10 in Short Blades
 23249 | Orc:1    | Reached skill level 10 in Long Blades
 23249 | Orc:1    | Reached skill level 10 in Axes
 23249 | Orc:1    | Reached skill level 10 in Maces & Flails
 23249 | Orc:1    | Reached skill level 10 in Polearms
 23249 | Orc:1    | Reached skill level 10 in Staves
 23249 | Orc:1    | Reached skill level 10 in Slings
 23249 | Orc:1    | Reached skill level 10 in Bows
 23249 | Orc:1    | Reached skill level 10 in Crossbows
 23249 | Orc:1    | Reached skill level 10 in Throwing
 23249 | Orc:1    | Reached skill level 10 in Armour
 23249 | Orc:1    | Reached skill level 10 in Shields
 23249 | Orc:1    | Reached skill level 10 in Unarmed Combat
 23249 | Orc:1    | Reached skill level 10 in Evocations
 23805 | Orc:2    | Entered Level 2 of the Orcish Mines
 23806 | Orc:2    | Offered knowledge of Ozocubu's Refrigeration by Vehumet.
 24285 | Orc:2    | Found a roughly hewn altar of Beogh.
 24320 | Orc:2    | Found Favanyol's Antique Weapon Boutique.
 24532 | Orc:2    | Found Costrotz's Distillery.
 24820 | Orc:2    | Paralysed by an orc sorcerer for 4 turns
 24830 | Orc:2    | Found Lukhlo Jaib's Book Boutique.
 25111 | Orc:2    | Found a staircase to the Elven Halls.
 25189 | Orc:2    | Offered knowledge of Bolt of Cold by Vehumet.
 25344 | Orc:2    | Noticed Saint Roka
 25452 | Orc:2    | Killed Saint Roka
 25452 | Orc:2    | Reached XP level 16. HP: 69/123 MP: 27/32
 25684 | Orc:2    | Found a roughly hewn altar of Beogh.
 25966 | Orc:2    | Found Ehabbuck's Book Emporium.
 26174 | D:15     | Entered Level 15 of the Dungeon
 26372 | D:15     | Got a fine great sword
 26373 | D:15     | Identified the cursed +1 great sword of the Endless Expanse
                  | {freeze, rPois rC- Int-5 Dex+5} (You found it on level 15
                  | of the Dungeon)
 26949 | D:15     | Offered knowledge of Poison Arrow by Vehumet.
 26969 | D:15     | Killed from afar by a fire dragon

Levels and vault maps discovered:
D:1:      dpeg_arrival_simpleton_b, layout_basic, serial_park_tiny_1
D:2:      layout_loops_corners
D:3:      layout_loops_ring, first_ration, grunt_ministairs_4, uniq_terence,
          uniq_jessica
D:4:      kennysheep_spiral_hall, layout_loops_ring, temple_hall,
          okawaru_ov_weapons_minmay
D:5:      layout_basic, lemuel_round_altar
D:6:      layout_rooms, chequers_jeans
D:7:      layout_basic, grunt_ogre_cave
D:8:      layout_loops_ring, nemelex_xobeh_ov_fountains_minmay,
          ebering_ghost_gozag, kennysheep_generic_room_10, uniq_harold
D:9:      layout_stronghold
D:10:     layout_long_grid, due_lair_maze_entry_diamond
D:11:     layout_gridville, gammafunk_ghost_necromancy, wad_dig_loot,
          uniq_erolcha
D:12:     layout_small_grid, hiddenorc1_lemuel, serial_shops, bzr_in_the_mist
D:13:     layout_gridville, lightli_vaults_fourway_checkpoint,
          ebering_ghost_xom, nicolae_lava_and_water
D:14:     thingy_vault, layout_loops_cross, minmay_misc_feat_five,
          tso_metal_star
D:15:     grunt_enter_depths_hoard, layout_rooms, minivault_24
Temple:   regret_index_temple_chain_breaker
Lair:1:   layout_misc_corridors, hibernation_bobbens
Lair:2:   layout_cave_pods, minmay_swamp_entry_reptiles,
          nicolae_spider_entry_orb_guardian
Lair:3:   layout_concentric_octagons, ebering_ghost_xom,
          cheibrodos_lair_lostbears, uniq_urug, uniq_gastronok
Lair:4:   layout_cave_shapes, serial_rivers, chequers_serial_rivers_micro_a,
          chequers_serial_rivers_micro_e, chequers_serial_rivers_micro_c,
          chequers_serial_rivers_room_a, chequers_serial_rivers_micro_d,
          minivault_23, lemuel_fruit_fields, minmay_lair_oklob_chamber
Lair:5:   layout_regular_city, wad_woods_road_03, wad_woods_06,
          serial_bayou_shore_b
Lair:6:   due_jungle_book, layout_regular_city, minmay_slime_entry_pillars,
          gammafunk_ghost_icy, grunt_megastairs_4
Orc:1:    layout_caves
Orc:2:    pubby_orc_utopia, serial_shops

Skill      XL: |  1  2  3  4  5  6  7  8  9 10 11 12 13 14 15 16 |
---------------+-------------------------------------------------+-----
Conjurations   | 2 3 4 5 6 7 8 9 |  9.2
Summonings     | 2 3 4 5 6 7 8 9 |  9.2
Translocations | 2 3 4 5 6 7 8 9 |  9.2
Invocations    | 1 2 3 4 5 6 7 8 9 10 11 | 11.4
Fighting       | 1 2 3 4 5 6 7 8 9 10 | 10.6
Short Blades   | 1 2 3 4 5 6 7 8 9 10 | 10.6
Long Blades    | 1 2 3 4 5 6 7 8 9 10 | 10.6
Axes           | 1 2 3 4 5 6 7 8 9 10 | 10.6
Maces & Flails | 1 2 3 4 5 6 7 8 9 10 | 10.6
Polearms       | 1 2 3 4 5 6 7 8 9 10 | 10.6
Staves         | 1 2 3 4 5 6 7 8 9 10 | 10.6
Slings         | 1 2 3 4 5 6 7 8 9 10 | 10.6
Bows           | 1 2 3 4 5 6 7 8 9 10 | 10.6
Crossbows      | 1 2 3 4 5 6 7 8 9 10 | 10.6
Throwing       | 1 2 3 4 5 6 7 8 9 10 | 10.6
Armour         | 1 2 3 4 5 6 7 8 9 10 | 10.6
Shields        | 1 2 3 4 5 6 7 8 9 10 | 10.6
Unarmed Combat | 1 2 3 4 5 6 7 8 9 10 | 10.6
Evocations     | 1 2 3 4 5 6 7 8 9 10 | 10.6
Hexes          | 1 2 3 4 5 6 7 8 9 |  9.0
Charms         | 1 2 3 4 5 6 7 8 9 |  9.0
Necromancy     | 1 2 3 4 5 6 7 8 9 |  9.0
Transmutations | 1 2 3 4 5 6 7 8 9 |  9.0
Fire Magic     | 1 2 3 4 5 6 7 8 9 |  9.0
Ice Magic      | 1 2 3 4 5 6 7 8 9 |  9.0
Air Magic      | 1 2 3 4 5 6 7 8 9 |  9.0
Earth Magic    | 1 2 3 4 5 6 7 8 9 |  9.0
Poison Magic   | 1 2 3 4 5 6 7 8 9 |  9.0
Dodging        | 5 6 7 8 9 10 11 | 11.4
Stealth        | 5 6 7 8 9 10 11 | 11.3
Spellcasting   | 8 9 10 11 12 | 12.5

Action                   |  1- 3 |  4- 6 |  7- 9 | 10-12 | 13-15 | 16-18 || total
-------------------------+-------+-------+-------+-------+-------+-------++-------
Melee: Short sword       |    31 |    11 |       |       |       |       ||    42
       Bite              |     2 |     8 |    17 |    61 |   160 |    13 ||   261
       Hand axe          |       |    36 |   148 |   392 |   748 |       ||  1324
       Punch             |       |       |     2 |    14 |    44 |     4 ||    64
       Trident           |       |       |       |    83 |       |       ||    83
       Broad axe         |       |       |       |       |    55 |       ||    55
       Long sword        |       |       |       |       |   279 |   126 ||   405
Throw: Dart              |       |    19 |    12 |    21 |    38 |       ||    90
       Javelin           |       |       |     2 |     9 |    21 |       ||    32
 Cast: Magic Dart        |    71 |   100 |   159 |   345 |   156 |       ||   831
       Mephitic Cloud    |     2 |    11 |    10 |    50 |    27 |       ||   100
       Conjure Flame     |       |     1 |     3 |    17 |    14 |       ||    35
       Blink             |       |       |     4 |     7 |    29 |     4 ||    44
       Call Imp          |       |       |       |     7 |     1 |       ||     8
       Stone Arrow       |       |       |       |       |   317 |    58 ||   375
       Fireball          |       |       |       |       |    50 |    14 ||    64
       Lee's Rapid Decon |       |       |       |       |    29 |     4 ||    33
Evoke: Wand              |       |       |     1 |     3 |     6 |       ||    10
       Phial of floods   |       |       |       |     1 |     3 |       ||     4
       Lamp of fire      |       |       |       |       |     1 |       ||     1
  Use: Scroll            |       |       |     5 |    11 |    10 |     2 ||    28
       Potion            |       |       |       |       |     1 |       ||     1
 Stab: Sleeping          |     1 |     1 |     1 |     5 |     9 |       ||    17
       Confused          |       |     4 |     4 |    27 |    13 |       ||    48
       Paralysed         |       |       |       |       |     1 |       ||     1
  Eat: Chunk             |     3 |     5 |    11 |    19 |    40 |     6 ||    84
       Ration            |       |       |       |     1 |     3 |       ||     4
Armor: Robe              |     9 |     5 |    11 |       |       |       ||    25
       Scale mail        |       |       |    58 |    17 |       |       ||    75
       Leather armour    |       |       |       |   115 |   229 |       ||   344
       Acid dragon scale |       |       |       |       |   118 |    59 ||   177
Dodge: Dodged            |    28 |    32 |   110 |   296 |   923 |   129 ||  1518
       Rpst.: Long sword |       |       |       |       |    69 |    25 ||    94
